 Dungeon Crawl Stone Soup version 0.24.1-4-ge52af88ad5 (webtiles) character file.

Game seed: 3397498460142405009, levelgen mode: deterministic

352 Peloso the Shield-Bearer (level 6, -3/53 HPs)
             Began as a Minotaur Fighter on Apr 13, 2020.
             Killed by divine providence
             ... invoked by an orc priest
              (10 damage)
             ... on level 3 of the Dungeon.
             The game lasted 00:03:23 (2051 turns).

Peloso the Shield-Bearer (Minotaur Fighter)         Turns: 2051, Time: 00:03:25

Health: -3/53      AC:  9    Str: 21 (22) XL:     6   Next: 35%
Magic:  5/5        EV:  8    Int:  2 (5)  God:
Gold:   105        SH: 10    Dex:  9 (10) Spells: 5/5 levels left

rFire    . . .     SeeInvis .   a - +0 long sword
rCold    . . .     Gourm    .   c - +0 shield
rNeg     . . .     Faith    .   b - +0 scale mail
rPois    .         Spirit   .   (helmet restricted)
rElec    .         Reflect  .   (no cloak)
rCorr    .         Harm     .   (no gloves)
MR       .....     Rnd*Tele +   (no boots)
Stlth    ..........             (no amulet)
HPRegen  0.17/turn              (no ring)
MPRegen  0.09/turn              (no ring)

@: no status effects
A: retaliatory headbutt, horns 2, molten scales 1, teleportitis 1
a: no special abilities


You were on level 3 of the Dungeon.
You were hungry.

You visited 1 branch of the dungeon, and saw 3 of its levels.

You collected 105 gold pieces.

Inventory:

Hand Weapons
 a - a +0 long sword (weapon)
Armour
 b - a +0 scale mail (worn)
 c - a +0 shield (worn)
Jewellery
 e - an uncursed ring of flight {unknown}
Scrolls
 i - 3 scrolls of remove curse {unknown}
 j - a scroll of magic mapping {unknown}
 k - a scroll of enchant weapon {unknown}
 n - 2 scrolls of identify {unknown}
 o - 2 scrolls of teleportation {unknown}
Potions
 d - a potion of might
 h - a potion of magic
 p - 2 potions of heal wounds {unknown}
Comestibles
 f - 6 rations


   Skills:
 + Level 4.4 Fighting
 + Level 4.9 Long Blades
 + Level 5.2 Armour
 + Level 1.5 Dodging
 + Level 0.3 Stealth
 + Level 5.4 Shields


You had 5 spell levels left.
You didn't know any spells.
Your spell library was empty.

Dungeon Overview and Level Annotations

Branches:
Dungeon (3/15)

Altars:


Innate Abilities, Weirdness & Mutations

You reflexively headbutt those who attack you in melee.
You have a pair of horns on your head.
You are partially covered in molten scales. (AC +2)
You are occasionally teleported next to monsters.


Message History

* * * LOW HITPOINT WARNING * * *
The gnoll barely misses you.
You slash the gnoll! Your headbutt misses the gnoll.
The gnoll is almost dead.
The orc hits you but does no damage. You block the gnoll's attack.
The orc wizard hits you with a +0 dagger.
* * * LOW HITPOINT WARNING * * *
You hit the gnoll.
You kill the gnoll!
You block the orc's attack. You block the orc wizard's attack.
The orc wizard mumbles some strange words.
The orc wizard blinks!
You block the orc wizard's attack.
Unknown command.
You slash the orc!
You kill the orc!
You block the orc wizard's attack. The orc wizard closely misses you.
The orc priest hits you but does no damage.
The orc priest invokes the aid of Beogh against you.
Beogh smites you!
You die...

#.#.##.####
#.#.......#
#.#.......###.# #
#.#...........#
#.#.#.......#####
#.#.#.......#
#......)....#
###.##.§o...#
#.#..@#####
###.#.ooo.#
#<#.#.....#
#.#.#.......
#.#.#...##...
#.#.#...# .....
#.#.#...# ....
#.#.#.... ....
####.#.#


You could see 2 orc priests and 2 orc wizards.

Vanquished Creatures
  Sigmund (D:2)
  A gnoll shaman (D:3)
  Robin (D:2)
  3 adders
  5 gnolls (D:3)
  An ooze (D:1)
  A worm (D:2)
  3 dart slugs
  A leopard gecko (D:2)
  An orc (D:3)
  4 bats
  3 giant cockroaches
  8 hobgoblins
  2 jackals (D:2)
  6 kobolds
  A quokka (D:2)
  A ball python (D:1)
  2 frilled lizards (D:1)
  14 goblins
  6 rats
65 creatures vanquished.

Notes
Turn   | Place    | Note
-------+----------+-------------------------------------------
     0 | D:1      | Peloso the Minotaur Fighter began the quest for the Orb.
     0 | D:1      | Reached XP level 1. HP: 19/19 MP: 0/0
    71 | D:1      | Reached XP level 2. HP: 27/27 MP: 1/1
   626 | D:1      | Reached XP level 3. HP: 28/33 MP: 2/2
   896 | D:2      | Noticed Robin
   943 | D:2      | Killed Robin
  1026 | D:2      | Reached XP level 4. HP: 37/40 MP: 3/3
  1411 | D:2      | Noticed Sigmund
  1422 | D:2      | Killed Sigmund
  1422 | D:2      | Reached skill level 5 in Armour
  1422 | D:2      | Reached skill level 1 in Dodging
  1422 | D:2      | Reached skill level 5 in Shields
  1422 | D:2      | Reached XP level 5. HP: 39/46 MP: 4/4
  2009 | D:3      | Gained mutation: You are occasionally teleported next to
                  | monsters. [potion of mutation]
  2009 | D:3      | Gained mutation: You are partially covered in molten
                  | scales. (AC +2) [potion of mutation]
  2019 | D:3      | Reached XP level 6. HP: 51/52 MP: 5/5
  2051 | D:3      | Killed from afar by an orc priest

Levels and vault maps discovered:
D:1:      nicolae_arrival_washed_ashore, layout_loops_corners,
          kennysheep_flooded_box, st_stairs_6
D:2:      layout_basic, first_ration, minmay_misc_feat_diagonals, uniq_robin,
          uniq_sigmund
D:3:      layout_basic

Skill      XL: |  1  2  3  4 |
---------------+-------------+-----
Armour         | 4 5 |  5.2
Fighting       | 4 |  4.4
Shields        | 4 5 |  5.4
Long Blades    | 3 4 |  4.9
Dodging        | 1 |  1.5
Stealth        | |  0.3

Action                   |  1- 3 |  4- 6 || total
-------------------------+-------+-------++-------
Melee: Long sword        |    78 |    75 ||   153
       Headbutt          |     7 |    10 ||    17
  Use: Potion            |       |     4 ||     4
  Eat: Chunk             |       |     3 ||     3
Armor: Scale mail        |    28 |    38 ||    66
Dodge: Dodged            |    27 |    27 ||    54
Block: Shield            |    44 |    60 ||   104
       Rpst.: Long sword |     8 |     5 ||    13
